 Dungeon Crawl Stone Soup version 0.29.0-3-gbb0933ed62 (webtiles) character file.

Game seed: 8089475307342033241

168 keekatzer the Grave Robber (level 5, -1/36 HPs)
             Began as a Mummy Necromancer on Aug 26, 2022.
             Slain by a gnoll
             ... wielding a +0 spear
              (5 damage)
             ... on level 4 of the Dungeon.
             The game lasted 00:17:03 (2281 turns).

keekatzer the Grave Robber (Mummy Necromancer)      Turns: 2281, Time: 00:17:04

Health: -1/36      AC:  7    Str: 11    XL:     5   Next: 24%
Magic:  9/20       EV: 12    Int: 16    God:
Gold:   106        SH:  0    Dex: 13    Spells: 4/12 levels left

rFire   x . .      SeeInvis .   u - +1 war axe (flame)
rCold   + . .      Faith    .   p - orb {light}
rNeg    + + +      Spirit   .   a - +0 robe
rPois   ∞          Reflect  .   q - +0 helmet
rElec   .          Harm     .   (no cloak)
rCorr   .          Rampage  .   c - +0 pair of gloves
Will    .....                   j - +2 pair of boots
Stlth   +.........              (no amulet)
HPRegen 0.12/turn               d - ring of magical power
MPRegen 0.17/turn               (no ring)

@: glowing
A: cold resistance 1, negative energy resistance 3, torment resistance 2, heat
vulnerability 1, in touch with death 1, no potions
a: no special abilities


You were on level 4 of the Dungeon.
You visited 1 branch of the dungeon, and saw 4 of its levels.

You collected 106 gold pieces.

Inventory:

Hand Weapons
 l - a +0 spear
 t - a +0 shortbow
 u - a +1 war axe of flaming (weapon)
 w - a +4 hand axe
Armour
 a - a +0 robe (worn)
 b - a +0 ring mail
 c - a +0 pair of gloves (worn)
 e - a +0 leather armour
 g - a +0 helmet
 j - a +2 pair of boots (worn)
 p - an orb of light (worn)
 q - a +0 helmet (worn)
Jewellery
 d - a ring of magical power (left hand)
 k - a ring of magical power
Wands
 x - a wand of acid (4)
Scrolls
 f - 2 scrolls of fog {unknown}
 h - 5 scrolls of identify {unknown}
 i - a scroll of enchant armour {unknown}
 m - 3 scrolls of fear {unknown}
 n - a scroll of torment {unknown}
 o - a scroll of magic mapping {unknown}
 r - a scroll of amnesia {unknown}
 s - a scroll of poison {unknown}
 v - a scroll of silence {unknown}


   Skills:
 + Level 0.6 Fighting
 * Level 0.8 Armour
 + Level 1.6 Dodging
 - Level 1.6 Stealth
 + Level 4.0 Spellcasting
 * Level 5.7 Necromancy


You had 4 spell levels left.
You knew the following spells:

 Your Spells              Type           Power      Damage    Failure   Level
a - Necrotise             Necr           100%       1d9       1%          1
b - Vampiric Draining     Necr           32%        2d8       4%          3
c - Animate Dead          Necr           32%        N/A       16%         4

Your spell library contained the following spells:

 Spells                   Type           Power      Damage    Failure   Level
 Scorch                   Fire           6%         2d5       26%         2
 Flame Wave               Conj/Fire      3%         2d5       86%         4
 Agony                    Necr           32%        N/A       41%         5
 Summon Cactus Giant      Summ           1%         N/A       100%        6


Dungeon Overview and Level Annotations

Branches:
Dungeon (4/15)
 Temple: D:4-7

Altars:

Shops:
D:2 (


Innate Abilities, Weirdness & Mutations

You are immune to poison.
Your flesh is cold resistant. (rC+)
You are immune to negative energy. (rN+++)
You are immune to unholy pain and torment.
You are vulnerable to heat. (rF-)
You are in touch with the powers of death.
You do not drink.


Message History

Aiming: Necrotise (safe; 1% risk of failure)
Press: ? - help, Shift-Dir - straight line, f - goblin
Aim: a goblin, wielding a +0 dagger and wearing a +0 ring mail (ally target, haloed, chance to affect: 93%)
You feel a surge of power!
The goblin writhes in agony.
Your gnoll skeleton hits the gnoll but does no damage.
Unknown command.
Your gnoll skeleton hits the gnoll.
Your gnoll skeleton closely misses the goblin.
The goblin hits you but does no damage.
The gnoll hits you from afar with a +0 spear.
* * * LOW HITPOINT WARNING * * *
The goblin attacks as you move away! The goblin closely misses you.
Found 3 scrolls labelled EMO GUHAULAUDGH.
Your gnoll skeleton closely misses the goblin.
Casting: Necrotise (safe; 1% risk of failure)
Confirm with . or Enter, or press ? or * to list all spells.
Aiming: Necrotise (safe; 1% risk of failure)
Press: ? - help, Shift-Dir - straight line, f/p - goblin
Aim: a goblin, wielding a +0 dagger and wearing a +0 ring mail (heavily wounded, ally target, haloed, chance to affect: 93%)
Okay, then.
The goblin attacks as you move away! The goblin hits you with a +0 dagger.
* * * LOW HITPOINT WARNING * * *
Casting: Necrotise (safe; 1% risk of failure)
Confirm with . or Enter, or press ? or * to list all spells.
Aiming: Necrotise (safe; 1% risk of failure)
Press: ? - help, Shift-Dir - straight line, f/p - goblin
Aim: a goblin, wielding a +0 dagger and wearing a +0 ring mail (heavily wounded, ally target, haloed, chance to affect: 93%)
You feel a surge of power!
The goblin writhes in agony.
You kill the goblin!
The dead are walking!
The gnoll closely misses you.
Your gnoll skeleton hits the gnoll but does no damage.
Your goblin skeleton barely misses the gnoll.
Casting: Necrotise (safe; 1% risk of failure)
Confirm with . or Enter, or press ? or * to list all spells.
Aiming: Necrotise (safe; 1% risk of failure)
Press: ? - help, Shift-Dir - straight line, f - gnoll
Aim: a gnoll, wielding a +0 spear (severely wounded, ally target, haloed, chance to affect: 88%)
You feel a surge of power!
The gnoll writhes in agony.
The gnoll hits you from afar with a +0 spear.
You die...

.. ..# .# ..# #.# .
#.# ..# #.####.#
##..# # .......#
#... # .# .
#...###.# .#..#
....###$....# #.....
#.....@.gZZ##......
...?...####.#..>....
.##.### #<.ZZ..... #
###....... .......
...[... .......
#.....> #.....


You could see a gnoll (ally target), a friendly goblin skeleton and a friendly
gnoll skeleton.

Vanquished Creatures
  A bullfrog (D:3)
  3 gnolls (D:4)
  2 adders
  A white imp (D:3)
  A dart slug (D:3)
  3 orcs (D:3)
  3 endoplasms
  5 giant cockroaches
  3 hobgoblins
  3 jackals (D:1)
  4 quokkas
  4 bats
  2 frilled lizards (D:2)
  7 goblins
  A kobold (D:3)
  2 rats
45 creatures vanquished.

Vanquished Creatures (collateral kills)
  A ball python (D:3)
  A kobold (D:1)
2 creatures vanquished.

Grand Total: 47 creatures vanquished

Notes
Turn   | Place    | Note
-------+----------+-------------------------------------------
     0 | D:1      | keekatzer the Mummy Necromancer began the quest for the
                  | Orb.
     0 | D:1      | Reached XP level 1. HP: 13/13 MP: 4/4
    61 | D:1      | Found a faded altar of an unknown god.
   241 | D:1      | Reached XP level 2. HP: 19/19 MP: 5/5
  1173 | D:2      | Found Goikid's Antique Weapon Shoppe.
  1179 | D:2      | Found Uset Ziobb's Weapon Emporium.
  1321 | D:2      | Gained mutation: You are in touch with the powers of death.
                  | [Mummy growth]
  1321 | D:2      | Reached XP level 3. HP: 24/24 MP: 7/7
  1325 | D:2      | Learned a level 3 spell: Vampiric Draining
  1935 | D:3      | Noticed a bullfrog
  1940 | D:3      | Killed a bullfrog
  1941 | D:3      | Reached skill level 5 in Necromancy
  1941 | D:3      | Reached XP level 4. HP: 30/30 MP: 9/9
  2042 | D:3      | Learned a level 4 spell: Animate Dead
  2129 | D:3      | Reached XP level 5. HP: 35/35 MP: 11/11
  2281 | D:4      | Slain by a gnoll

Illustrated notes

Levels and vault maps discovered:
D:1:      dpeg_arrival_arbitrary_a, layout_basic,
          hellmonk_ecumenical_altar_arch_garden
D:2:      layout_basic, serial_shops, nicolae_shop_bloodbath_and_beyond, shop,
          minivault_4, nicolae_concentric_dashed_squares_mild
D:3:      layout_rooms
D:4:      layout_rooms, tso_altar, guppyfry_early_orc_mine

Skill      XL: |  1  2  3  4 |
---------------+-------------+-----
Spellcasting   | 3 4 |  4.0
Necromancy     | 5 |  5.7
Fighting       | |  0.6
Armour         | |  0.8
Dodging        | |  1.6
Stealth        | |  1.6

Action                   |  1- 3 |  4- 6 || total
-------------------------+-------+-------++-------
Melee: Unarmed           |     4 |       ||     4
       Dagger            |     4 |       ||     4
       Spear             |    17 |     2 ||    19
       Club              |     8 |       ||     8
       War axe           |       |     4 ||     4
 Cast: Necrotise         |    43 |    28 ||    71
Armor: Robe              |    17 |     5 ||    22
Dodge: Dodged            |    41 |    12 ||    53
